 Dungeon Crawl Stone Soup version 0.30-a0-637-gacddeb6d44 (webtiles) character file.

Game seed: 8571693915411990687

13 kae the Insei (level 2, 21/21 HPs)
             Began as a Demonspawn Transmuter on Jan 15, 2023.
             Quit the game on level 1 of the Dungeon.
             The game lasted 00:00:21 (225 turns).

kae the Insei (Demonspawn Transmuter)                Turns: 225, Time: 00:00:21

Health: 21/21      AC:  2    Str: 10    XL:     2   Next: 24%
Magic:  4/5        EV: 12    Int: 14    God:
Gold:   40         SH:  0    Dex: 13    Spells: 4/5 levels left

rFire   . . .      SeeInvis .      - Unarmed
rCold   . . .      Faith    .    (no shield)
rNeg    . . .      Spirit   .    a - +0 robe
rPois   .          Reflect  .    (helmet currently unavailable)
rElec   .          Harm     .    (no cloak)
rCorr   .          Rampage  .    (no gloves)
Will    .....                    (boots currently unavailable)
Stlth   +                        (no amulet)
HPRegen 0.23/turn                (no ring)
MPRegen 0.09/turn                (no ring)

@: appendages
A: horns 2, talons 2, demonic guardian 1
a: End Transformation


You were on level 1 of the Dungeon.
You had temporarily grown beastly horns and talons.
You visited 1 branch of the dungeon, and saw 1 of its levels.

You collected 40 gold pieces.


Innate Abilities, Weirdness & Mutations

You have temporarily grown beastly horns and talons.
A weak demonic guardian rushes to your aid.


   Skills:
 - Level 1.0 Fighting
 - Level 1.7 Dodging
 + Level 2.8 Unarmed Combat
 + Level 2.1 Spellcasting
 * Level 2.3 Transmutations


You had 4 spell levels left.
You knew the following spells:

 Your Spells              Type           Power      Damage    Failure   Level
a - Beastly Appendage     Tmut           14%        N/A       9%          1

Your spell library contained the following spells:

 Spells                   Type           Power      Damage    Failure   Level
 Wereblood                Tmut           7%         N/A       14%         2
 Spider Form              Tmut/Pois      4%         N/A       41%         3
 Ice Form                 Ice/Tmut       4%         N/A       82%         4

Inventory:

Missiles
 c - 14 stones
Armour
 a - a +0 robe (worn)
Potions
 b - 2 potions of lignification {!q}
 d - a potion of degeneration {unknown}

Dungeon Overview and Level Annotations

Branches:
Dungeon (1/15) Zot: 5776

Altars:

.......###...........#
#.#.#..###........##.#
.........#...........#
....#..#.##.###...####
#.###.#..##.# #...#
..##.###....# #...#
###.## #.### #...#
#... ...###.>.######
#.## S......@.†......
#. ................ #
................
.#.###...####### ...
#...# # ..... ##
.#.... . #....#


You could see a ball python (asleep).


Message History

Your transformation is almost over.
The frilled lizard bites you.
You hit the frilled lizard.
You kill the frilled lizard! 😕 HP[-1]
You take 1 damage, and now have 14/15 hp.
You miss the kobold. You claw the kobold, but do no damage.
The kobold hits you with a +0 short sword.
You hit the kobold.
You kill the kobold! 😕 HP[-2] MP[+1]
You take 2 damage, and now have 12/15 hp.
Your mp is fully restored (3).
No target in view!
No target in view!
No target in view!
No target in view!
Things that are here:
a +0 short sword; a rat corpse Your horns disappear.
Your talons disappear.
You see here a +0 dagger.
A rat comes into view.
The rat moves out of view. 😎 HP[+3]
Your hp is fully restored (15).
Unknown command. 2 endoplasms come into view.
Unknown command.
There are monsters nearby!
There are monsters nearby!
There are monsters nearby!
Casting: Beastly Appendage (safe; 10% risk of failure)
Confirm with . or Enter, or press ? or * to list all spells.
You grow a pair of large bovine horns.
Your feet morph into talons.
The endoplasm quivers.
Your transformation is almost over. 😎 MP[-1]
You lost 1 mp, and now have 2/3 mp.
You barely miss the rat. Your kick misses the rat. The rat bites you.
You barely miss the rat. You claw the rat, but do no damage.
You headbutt the rat, but do no damage. The rat bites you.
The endoplasm jiggles. 😮 HP[-5]
You take 5 damage, and now have 10/15 hp.
MASSIVE DAMAGE!! (PAUSE)
You are too injured to fight recklessly!
You are too injured to fight recklessly!
You are too injured to fight recklessly!
You are too injured to fight recklessly!
You hit the rat.
You kill the rat!
The endoplasm quivers.
The endoplasm hits you.
You hit the endoplasm.
You kill the endoplasm!
You have reached level 2!
Your demonic ancestry asserts itself...
You feel the presence of a demonic guardian. 😮 HP[+4] MP[+1]
You now have 21 max hp (+6).
You regained 4 hp, and now have 14/21 hp.
You hit the endoplasm.
You claw the endoplasm, but do no damage.
The endoplasm freezes you.
You are frozen.
A demonic guardian appears! 😮 HP[-2]
You take 2 damage, and now have 12/21 hp.
You hit the endoplasm. You claw the endoplasm.
You kill the endoplasm! 😮 HP[+1]
You swap places.
Your horns disappear.
Your talons disappear.
You swap places.
Your ufetubus disappears in a puff of smoke!
Found a stone staircase leading down.
Unknown command. 😎 HP[+8] MP[+2]
Your hp is fully restored (21).
Your mp is fully restored (5).
A dart slug comes into view.
Unknown command.
A dart slug is nearby!
A dart slug is nearby!
A dart slug is nearby!
Casting: Beastly Appendage (safe; 10% risk of failure)
Confirm with . or Enter, or press ? or * to list all spells.
You grow a pair of large bovine horns.
Your feet morph into talons. 😎 MP[-1]
You lost 1 mp, and now have 4/5 mp.
You hit the dart slug. You claw the dart slug. You headbutt the dart slug.
You kill the dart slug!
No target in view!
No target in view!
No target in view!
No target in view!
Unknown command.
A ball python comes into view.
A ball python is nearby!
Are you sure you want to abandon this character and quit the game? (Confirm with "yes".)
Okay, then.
Are you sure you want to abandon this character and quit the game? (Confirm with "yes".)

Skill      XL: |  1 |
---------------+----+-----
Transmutations | 2 |  2.3
Fighting       | |  1.0
Dodging        | |  1.7
Unarmed Combat | |  2.8
Spellcasting   | |  2.1

Action                   || total
-------------------------++-------
Melee: Unarmed           ||    21
       Kick              ||     8
       Headbutt          ||     3
 Cast: Beastly Appendage ||     6
Armor: Robe              ||     1
Dodge: Dodged            ||     3

Levels and vault maps discovered:
D:1:      beargit_arrival_greenhouse, layout_loops_cross

Notes
Turn   | Place    | Note
-------+----------+-------------------------------------------
     0 | D:1      | kae the Demonspawn Transmuter began the quest for the Orb.
     0 | D:1      | Reached XP level 1. HP: 15/15 MP: 3/3
     0 | D:1      | magus.rc [v1.11.3]
   120 | D:1      | Reached skill level 2 in Transmutations
   170 | D:1      | Gained mutation: A weak demonic guardian rushes to your
                  | aid. [demonic ancestry]
   170 | D:1      | Reached XP level 2. HP: 14/21 MP: 3/5
   225 | D:1      | Quit the game

Vanquished Creatures
  A dart slug (D:1)
  A bat (D:1)
  3 endoplasms (D:1)
  A ball python (D:1)
  A frilled lizard (D:1)
  2 kobolds (D:1)
  3 rats (D:1)
12 creatures vanquished.

Table legend:
 A = Non-vault XP
 B = Vault XP
 C = Vault XP percentage of total XP
 D = Non-vault monster count
 E = Vault monster count
 F = Vault count percentage of total count
                 A         B        C        D         E       F
            +---------+---------+-------+---------+---------+-------
      Total |      19 |       0 |   0.0 |      12 |       0 |   0.0
            +---------+---------+-------+---------+---------+-------
        D:1 |      19 |       0 |   0.0 |      12 |       0 |   0.0
            +---------+---------+-------+---------+---------+-------

Illustrated notes

Table legend:
 A = Kills in this place as a percentage of kills in entire the game.
 B = Kills by you in this place as a percentage of kills by you in the entire game.
 C = Kills by friends in this place as a percentage of kills by friends in the entire game.
 D = Other kills in this place as a percentage of other kills in the entire game.
 E = Experience gained in this place as a percentage of experience gained in the entire game.
 F = Experience gained in this place divided by the number of levels of this place that you have seen.
                   A       B       C       D       E      F
               +-------+-------+-------+-------+-------+----------------------
         Total | 100.0 | 100.0 |   N/A |   N/A | 100.0 |  19.0
       Dungeon | 100.0 | 100.0 |   N/A |   N/A | 100.0 |  19.0
               +-------+-------+-------+-------+-------+----------------------

Table legend: (Time is in decaauts)
 A = Elapsed time spent in this place.
 B = Non-inter-level travel time spent in this place.
 C = Inter-level travel time spent in this place.
 D = Time resting spent in this place.
 E = Time spent auto-exploring this place.
 F = Levels seen in this place.
 G = Mean time per level.
                   A        B        C        D        E       F      G
               +--------+--------+--------+--------+--------+-----+--------+
         Total |    223 |    223 |      0 |      0 |    165 |   1 |  223.0 |
       Dungeon |    223 |    223 |      0 |      0 |    165 |   1 |  223.0 |
               +--------+--------+--------+--------+--------+-----+--------+

Top non-repeatable levels by time:
     D:1: 223 daAuts
